 Dungeon Crawl Stone Soup version 0.31-a0-626-g8143ab4f1d (webtiles) character file.

Game seed: 12571845543289623690

4916 Maratek the Blocker (level 10, -5/85 HPs)
             Began as a Gnoll Fighter on Aug 24, 2023.
             Was a Believer of Ashenzari.
             Slain by a troll (14 damage)
             ... on level 9 of the Dungeon.
             The game lasted 00:19:29 (8232 turns).

Maratek the Blocker (Gnoll Fighter)                 Turns: 8232, Time: 00:19:30

Health: -5/85      AC: 21    Str: 19    XL:     10   Next: 51%
Magic:  19/19      EV:  9    Int:  3    God:    Ashenzari [**....]
Gold:   623        SH:  5    Dex: 19    Spells: 22/22 levels left

rFire   . . .        a - +4 war axe (chaos)
rCold   . . .        C - orb "Fyproul" {mayhem, rPois Will+ rCorr}
rNeg    . . .        e - +0 plate armour
rPois   +            j - +1 helmet "Prophetic Seer" {Cun, Comp} (curse)
rElec   .            x - +0 cloak "Share My Suspicion" {Self, Fort} (curse)
rCorr   +            (no gloves)
SInv    +            u - +2 pair of boots of the Elysian Seer {Melee, Elem} (curse)
Will    +....        r - amulet of reflection Stlth
                     c - ring of flight
HPRegen 0.34/turn    D - ring of resist corrosion
MPRegen 0.16/turn

%: mayhem, reflection
@: flying
A: fangs 1, strong nose, distributed training, agile 2, dopey 1
a: Renounce Religion, Shatter the Chains


You were on level 9 of the Dungeon.
You worshipped Ashenzari.
Ashenzari was pleased with you.
You visited 2 branches of the dungeon, and saw 10 of its levels.
You also visited: Ossuary.

You collected 623 gold pieces.

Inventory:

Hand Weapons
 a - a +4 war axe of chaos (weapon)
 f - a +1 battleaxe of flaming
Armour
 e - a +0 plate armour (worn)
 j - the cursed +1 helmet "Prophetic Seer" (worn) {Cun, Comp}
   (You found it on level 1 of the Dungeon)

   It has a curse which improves the following skills: Cunning: Dodging and
   Stealth.
   Companions: Summonings and Necromancy.
 u - the cursed +2 pair of boots of the Elysian Seer (worn) {Melee, Elem}
   (You found it on level 3 of the Dungeon)

   It has a curse which improves the following skills: Melee Combat: Short
   Blades, Long Blades, Axes, Maces & Flails, Polearms, Staves and Unarmed
   Combat.
   Elements:  Fire Magic, Ice Magic, Air Magic and Earth Magic.
 x - the cursed +0 cloak "Share My Suspicion" (worn) {Self, Fort}
   (You found it on level 4 of the Dungeon)

   It has a curse which improves the following skills: Introspection: Fighting
   and Spellcasting.
   Fortitude: Armour and Shields.
 C - the orb "Fyproul" (worn) {mayhem, rPois Will+ rCorr}
   (You found it on level 6 of the Dungeon)

   rPois:     It protects you from poison Will+: It increases your willpower.
   rCorr:     It protects you from acid and corrosion.
Jewellery
 c - a ring of flight (left hand)
 r - an amulet of reflection (around neck)
 v - an amulet of the acrobat
 D - a ring of resist corrosion (right hand)
Wands
 o - a wand of charming (15)
Scrolls
 k - 6 scrolls of teleportation
 m - 5 scrolls of blinking
 n - a scroll of immolation
 p - a scroll of identify
 t - 3 scrolls of fear
 w - a scroll of poison
 y - a scroll of fog
 B - 2 scrolls of brand weapon
Potions
 b - 2 potions of haste
 d - a potion of might
 g - a potion of ambrosia
 h - 5 potions of heal wounds
 i - 6 potions of curing
 l - a potion of berserk rage
 q - 3 potions of enlightenment
 s - 2 potions of brilliance
 z - 2 potions of attraction
 A - a potion of magic


   Skills:
 + Level 8.6(9.8) Fighting
 + Level 5.4(6.6) Short Blades
 + Level 5.4(6.6) Long Blades
 + Level 7.2(8.4) Axes
 + Level 5.4(6.6) Maces & Flails
 + Level 5.4(6.6) Polearms
 + Level 5.4(6.6) Staves
 + Level 5.4 Ranged Weapons
 + Level 5.4 Throwing
 + Level 8.6(9.8) Armour
 + Level 5.4(6.6) Dodging
 + Level 5.4(6.6) Stealth
 + Level 8.6(9.8) Shields
 + Level 5.4(6.6) Unarmed Combat
 + Level 5.4(6.6) Spellcasting
 + Level 4.5 Conjurations
 + Level 4.5 Hexes
 + Level 4.5(5.6) Summonings
 + Level 4.5(5.6) Necromancy
 + Level 4.5 Translocations
 + Level 4.5 Transmutations
 + Level 4.5(5.6) Fire Magic
 + Level 4.5(5.6) Ice Magic
 + Level 4.5(5.6) Air Magic
 + Level 4.5(5.6) Earth Magic
 + Level 4.5 Poison Magic
 + Level 6.0 Invocations
 + Level 5.4 Evocations
 + Level 5.0 Shapeshifting


You had 22 spell levels left.
You didn't know any spells.
Your spell library contained the following spells:

 Spells                   Type           Power      Damage    Failure   Level
 Sandblast                Erth           8%         2d5       52%         1
 Foxfire                  Conj/Fire      16%        2x1d4     61%         1
 Call Imp                 Summ           8%         N/A       67%         2
 Sublimation of Blood     Necr           4%         N/A       67%         2
 Passwall                 Tmut/Erth      3%         N/A       75%         2
 Wereblood                Tmut           3%         N/A       83%         2
 Stone Arrow              Conj/Erth      8%         3d7       93%         3
 Summon Guardian Golem    Hex/Summ       4%         N/A       93%         3
 Ignite Poison            Fire/Tmut/Pois 3%         N/A       94%         3
 Summon Ice Beast         Ice/Summ       4%         N/A       99%         4
 Olgreb's Toxic Radiance  Pois           3%         N/A       100%        4
 Sticky Flame             Conj/Fire      4%         2d3       100%        4
 Simulacrum               Ice/Necr       2%         N/A       100%        6
 Summon Cactus Giant      Summ           2%         N/A       100%        6
 Orb of Destruction       Conj           1%         9d5       100%        7
 Ozocubu's Refrigeration  Ice            2%         4d7       100%        7
 Spellforged Servitor     Conj/Summ      2%         N/A       100%        7
 Summon Hydra             Summ           2%         N/A       100%        7
 Discord                  Hex            1%         N/A       100%        8
 Ignition                 Fire           2%         3d3       100%        8
 Polar Vortex             Ice            2%         N/A       100%        9


Dungeon Overview and Level Annotations

Branches:
Dungeon (9/15)             Temple (1/1) D:4         Ossuary (visited)
   Lair: D:8-11         Orc: D:9-12

Altars:
Ashenzari
Cheibriados
Dithmenos
Elyvilon
Fedhas
Gozag
Hepliaklqana
Kikubaaqudgha
Makhleb
Nemelex Xobeh
Okawaru
Qazlal
Ru
Sif Muna
Trog
Uskayaw
Vehumet
Wu Jian
Xom
Yredelemnul
Zin
The Shining One

Shops:
D:4 [==?   D:5 *[   D:7 (


Innate Abilities, Weirdness & Mutations

You have very sharp teeth.
Your uncanny sense of smell can sniff out nearby items.
Your experience applies equally to all skills.
You are very agile. (Dex +8, Str/Int -2)
You are dopey. (Int -2)


Message History

You block the troll's attack.
The troll claws you but does no damage. x2
You hit the troll.
The troll is severely wounded.
The troll bites you. The troll claws you but does no damage.
You block the troll's attack.
You hit the troll.
The troll suddenly seems more resistant.
The troll is severely wounded.
You block the troll's attack. x2; The troll claws you!
The troll bites you. The troll closely misses you.
The troll claws you but does no damage.
You hit the troll.
The troll is severely wounded.
The troll closely misses you. The troll claws you but does no damage.
The troll barely misses you.
You closely miss the troll.
The troll is severely wounded.
You block the troll's attack. The troll claws you!
The troll closely misses you. The troll bites you.
The troll claws you but does no damage. x2
You are too injured to fight recklessly!
You are too injured to fight recklessly!
You are too injured to fight recklessly!
You hit the troll. Your bite misses the troll.
The troll is severely wounded.
The troll bites you! The troll barely misses you.
The troll claws you but does no damage.
You hit the troll.
The troll is severely wounded.
The troll closely misses you. x2; The troll claws you but does no damage.
The troll completely misses you.
The troll claws you but does no damage. x2
You slash the troll! Your bite misses the troll.
The troll is almost dead.
The troll bites you!
* * * LOW HITPOINT WARNING * * *
The troll claws you.
* * * LOW HITPOINT WARNING * * *
The troll claws you.
* * * LOW HITPOINT WARNING * * *
The troll bites you!
You die...

........# ###### .....##.##
#.. ....# .....##..# #..
..#.# ...#.###.# #.# ##.#.#
#.##.# #.# #.# ##..#.#
####.# #.# #.# ##...#.## #
#.# #.# #.# #..†....# # #.#
#.# #T# ##...##>### ####.#
#.# #@######..##...## .....#
#.# #.........####..# ######
#.##### #####..#### ##.#
##....>## ##.## #.##
#.......#####..# #.#.
#.#####.......##########...
#.#$)$#.#......)##.........
##.#$>?#.#.#####>...........
#..#?$(#.#.# ####.........


You could see a troll (fast, resistant, poisoned).

Vanquished Creatures
  Pikel (D:5)
  2 trolls (D:9)
  2 wyverns
  2 water moccasins
  3 orc warriors
  An ice beast (D:6)
  2 black bears
  6 ogres
  3 centaurs
  4 lemures (D:5)
  4 elf zombies (Ossuary)
  2 bullfrogs
  2 scorpions (D:5)
  6 killer bees (D:9)
  3 howler monkeys
  A hound (D:6)
  5 jellies
  2 centaur zombies (Ossuary)
  6 human zombies (Ossuary)
  7 orc priests
  3 sleepcaps
  Jessica (D:2)
  3 iguanas
  4 orc wizards
  3 mummies (Ossuary)
  6 adders
  An ufetubus (D:4)
  A worm (D:3)
  32 orcs
  5 ball pythons
  A bat (D:1)
  8 endoplasms
  2 giant cockroaches
  10 goblins
  7 hobgoblins
  5 jackals
  5 quokkas
  3 frilled lizards
  9 kobolds
  A quokka zombie (D:5)
  13 rats
  A rat zombie (D:5)
188 creatures vanquished.

Vanquished Creatures (collateral kills)
  A hornet (D:8)
  A kobold brigand (D:9)
  3 orcs
  2 kobolds (D:9)
7 creatures vanquished.

Vanquished Creatures (others)
  A centaur (D:9)
  An orc wizard (D:8)
2 creatures vanquished.

Grand Total: 197 creatures vanquished

Notes
Turn   | Place    | Note
-------+----------+-------------------------------------------
     0 | D:1      | Maratek the Gnoll Fighter began the quest for the Orb.
     0 | D:1      | Reached XP level 1. HP: 23/23 MP: 1/1
    46 | D:1      | Noticed an eye of devastation
    48 | D:1      | Found a faded altar of an unknown god.
    52 | D:1      | Noticed a great orb of eyes
    70 | D:1      | Noticed a golden eye
    80 | D:1      | Noticed a shining eye
   120 | D:1      | Reached XP level 2. HP: 28/29 MP: 2/2
   653 | D:1      | Reached XP level 3. HP: 34/35 MP: 3/3
   844 | D:2      | Found a blossoming altar of Fedhas.
  1027 | D:2      | Reached skill level 1 in Invocations
  1044 | D:2      | Noticed Jessica
  1049 | D:2      | Killed Jessica
  1050 | D:2      | Reached skill level 1 in Short Blades
  1050 | D:2      | Reached skill level 1 in Long Blades
  1050 | D:2      | Reached skill level 1 in Maces & Flails
  1050 | D:2      | Reached skill level 1 in Polearms
  1050 | D:2      | Reached skill level 1 in Staves
  1050 | D:2      | Reached skill level 1 in Ranged Weapons
  1050 | D:2      | Reached skill level 1 in Throwing
  1050 | D:2      | Reached skill level 1 in Dodging
  1050 | D:2      | Reached skill level 1 in Stealth
  1050 | D:2      | Reached skill level 1 in Unarmed Combat
  1050 | D:2      | Reached skill level 1 in Spellcasting
  1050 | D:2      | Reached skill level 1 in Evocations
  1050 | D:2      | Reached skill level 1 in Shapeshifting
  1050 | D:2      | Reached XP level 4. HP: 33/41 MP: 5/5
  1297 | D:2      | Reached skill level 1 in Conjurations
  1297 | D:2      | Reached skill level 1 in Hexes
  1297 | D:2      | Reached skill level 1 in Summonings
  1297 | D:2      | Reached skill level 1 in Necromancy
  1297 | D:2      | Reached skill level 1 in Translocations
  1297 | D:2      | Reached skill level 1 in Transmutations
  1297 | D:2      | Reached skill level 1 in Fire Magic
  1297 | D:2      | Reached skill level 1 in Ice Magic
  1297 | D:2      | Reached skill level 1 in Air Magic
  1297 | D:2      | Reached skill level 1 in Earth Magic
  1297 | D:2      | Reached skill level 1 in Poison Magic
  1688 | D:3      | Found a glowing golden altar of the Shining One.
  1854 | D:3      | Reached XP level 5. HP: 45/47 MP: 6/6
  1970 | D:3      | Noticed a water moccasin
  1981 | D:3      | Killed a water moccasin
  2090 | D:3      | Reached XP level 6. HP: 52/53 MP: 8/8
  2301 | D:3      | Found a bloodstained altar of Trog.
  2308 | D:3      | Found a white marble altar of Elyvilon.
  2314 | D:3      | Found a snail-covered altar of Cheibriados.
  2316 | D:3      | Found a shimmering blue altar of Sif Muna.
  2316 | D:3      | Found a shimmering altar of Xom.
  2317 | D:3      | Found a blossoming altar of Fedhas.
  2328 | D:3      | Found a shadowy altar of Dithmenos.
  2591 | D:4      | Found Vushrif Xyna's Magic Scroll Shop.
  2598 | D:4      | Reached skill level 5 in Axes
  3004 | D:4      | Found Vuronaimm's Jewellery Boutique.
  3056 | D:4      | Found Vuaf's Jewellery Shoppe.
  3244 | D:4      | Noticed a black bear
  3252 | D:4      | Killed a black bear
  3253 | D:4      | Reached XP level 7. HP: 53/59 MP: 10/10
  3282 | D:4      | Found a staircase to the Ecumenical Temple.
  3315 | Temple   | Entered the Ecumenical Temple
  3372 | Temple   | Became a worshipper of Ashenzari the Shackled
  4015 | D:4      | Found Cainn's Armour Boutique.
  4048 | D:5      | Entered Level 5 of the Dungeon
  4105 | D:5      | Noticed Pikel
  4127 | D:5      | Killed Pikel
  4128 | D:5      | Reached XP level 8. HP: 45/67 MP: 11/13
  4132 | D:5      | Found a sand-covered staircase.
  4148 | Ossuary  | Entered an ossuary
  4534 | Ossuary  | Reached XP level 9. HP: 73/73 MP: 14/14
  4865 | D:5      | Found Uttel's Assorted Antiques.
  4868 | D:5      | Found Wosodd's Armour Shoppe.
  5323 | D:6      | Identified the orb "Fyproul" {mayhem, rPois Will+ rCorr}
  6229 | D:7      | Reached skill level 5 in Invocations
  6416 | D:7      | Reached * piety under Ashenzari
  6432 | D:7      | Found Myudo's Weapon Shop.
  7027 | D:8      | Gained mutation: You are dopey. (Int -2) [potion of
                  | mutation]
  7028 | D:8      | Lost mutation: You are dopey. (Int -2) [potion of mutation]
  7028 | D:8      | Gained mutation: You are dopey. (Int -2) [potion of
                  | mutation]
  7028 | D:8      | Gained mutation: You are agile. (Dex +4, Str/Int -1)
                  | [potion of mutation]
  7028 | D:8      | Gained mutation: You are very agile. (Dex +8, Str/Int -2)
                  | [potion of mutation]
  7104 | D:8      | Reached XP level 10. HP: 57/83 MP: 18/18
  7113 | D:8      | Reached skill level 5 in Short Blades
  7113 | D:8      | Reached skill level 5 in Long Blades
  7113 | D:8      | Reached skill level 5 in Maces & Flails
  7113 | D:8      | Reached skill level 5 in Polearms
  7113 | D:8      | Reached skill level 5 in Staves
  7113 | D:8      | Reached skill level 5 in Ranged Weapons
  7113 | D:8      | Reached skill level 5 in Throwing
  7113 | D:8      | Reached skill level 5 in Dodging
  7113 | D:8      | Reached skill level 5 in Stealth
  7113 | D:8      | Reached skill level 5 in Unarmed Combat
  7113 | D:8      | Reached skill level 5 in Spellcasting
  7113 | D:8      | Reached skill level 5 in Evocations
  7331 | D:8      | You are sucked into a shaft and drop 1 floor!
  7355 | D:9      | Reached ** piety under Ashenzari
  7744 | D:8      | Identified the Exposition on Cooperative Burning
  8065 | D:9      | Reached skill level 5 in Shapeshifting
  8232 | D:9      | Slain by a troll

Illustrated notes

Levels and vault maps discovered:
D:1:      lightli_arrival_windingriver, layout_loops_ring,
          hellmonk_ecumenical_altar_watching_god
D:2:      layout_loops_ring, basic_altar, uniq_jessica
D:3:      layout_basic, nicolae_overflow_hallway_of_the_gods,
          mainiacjoe_overflow_tiny_flanked, kennysheep_donut
D:4:      layout_loops_ring, minmay_temple_entry_mini_moons, serial_shops,
          nicolae_shop_gaudy_bauble, shop, nicolae_shop_tiny_waterfront,
          nicolae_shop_gaudy_bauble, kennysheep_small_circle
D:5:      layout_basic, enter_ossuary_4, serial_shops, nicolae_square_shop,
          shop, uniq_pikel
D:6:      layout_loops_ring, hex_large, nicolae_the_louvre
D:7:      layout_basic, serial_shops, shop
D:8:      layout_rooms
D:9:      layout_rooms, nicolae_straight_to_the_point
Temple:   dpeg_chambers_temple

Skill      XL: |  1  2  3  4  5  6  7  8  9 10 |
---------------+-------------------------------+-----
Invocations    | 1 2 3 4 5 6 |  6.0
Short Blades   | 1 2 3 4 5 |  5.4
Long Blades    | 1 2 3 4 5 |  5.4
Maces & Flails | 1 2 3 4 5 |  5.4
Polearms       | 1 2 3 4 5 |  5.4
Staves         | 1 2 3 4 5 |  5.4
Ranged Weapons | 1 2 3 4 5 |  5.4
Throwing       | 1 2 3 4 5 |  5.4
Dodging        | 1 2 3 4 5 |  5.4
Stealth        | 1 2 3 4 5 |  5.4
Unarmed Combat | 1 2 3 4 5 |  5.4
Spellcasting   | 1 2 3 4 5 |  5.4
Evocations     | 1 2 3 4 5 |  5.4
Shapeshifting  | 1 2 3 4 5 |  5.0
Conjurations   | 1 2 3 4 |  4.5
Hexes          | 1 2 3 4 |  4.5
Summonings     | 1 2 3 4 |  4.5
Necromancy     | 1 2 3 4 |  4.5
Translocations | 1 2 3 4 |  4.5
Transmutations | 1 2 3 4 |  4.5
Fire Magic     | 1 2 3 4 |  4.5
Ice Magic      | 1 2 3 4 |  4.5
Air Magic      | 1 2 3 4 |  4.5
Earth Magic    | 1 2 3 4 |  4.5
Poison Magic   | 1 2 3 4 |  4.5
Axes           | 5 6 7 |  7.2
Fighting       | 7 8 |  8.6
Armour         | 7 8 |  8.6
Shields        | 7 8 |  8.6

Action                     |  1- 3 |  4- 6 |  7- 9 | 10-12 || total
---------------------------+-------+-------+-------+-------++-------
  Melee: War axe           |    60 |   168 |   273 |   110 ||   611
         Bite              |     7 |    17 |    29 |    14 ||    67
 Invoke: Curse Item        |       |       |     2 |     1 ||     3
    Use: Scroll            |       |       |    13 |       ||    13
         Potion            |       |       |     4 |     3 ||     7
   Stab: Distracted        |       |       |       |     2 ||     2
 Armour: Plate armour      |    24 |   139 |   219 |   101 ||   483
  Dodge: Dodged            |    11 |    45 |    99 |   112 ||   267
  Block: Buckler           |    11 |    53 |    78 |       ||   142
         Orb               |       |       |    11 |    39 ||    50
         Reflection        |       |       |       |     4 ||     4

Table legend: (Time is in decaauts)
 A = Elapsed time spent in this place.
 B = Non-inter-level travel time spent in this place.
 C = Inter-level travel time spent in this place.
 D = Time resting spent in this place.
 E = Time spent auto-exploring this place.
 F = Levels seen in this place.
 G = Mean time per level.
                   A        B        C        D        E       F      G
               +--------+--------+--------+--------+--------+-----+--------+
         Total |   8371 |   7818 |    553 |   1284 |   4924 |  11 |  761.0 |
       Dungeon |   7836 |   7351 |    485 |   1117 |   4762 |   9 |  870.7 |
        Temple |     70 |      2 |     68 |      0 |      0 |   1 |   70.0 |
       Ossuary |    464 |    464 |      0 |    167 |    162 |   1 |  464.0 |
               +--------+--------+--------+--------+--------+-----+--------+

Top non-repeatable levels by time:
     D:4: 1456 daAuts
     D:3: 971 daAuts
     D:6: 961 daAuts
     D:1: 858 daAuts
     D:2: 795 daAuts
     D:7: 774 daAuts
     D:5: 758 daAuts
     D:8: 692 daAuts
     D:9: 568 daAuts
 Ossuary: 464 daAuts
  Temple: 70 daAuts
